 Dungeon Crawl Stone Soup version 0.27.1-16-g815e20cd7a (webtiles) character file.

Game seed: 12241188132760051700

202 zeram the Digger (level 5, 0/37 HPs)
             Began as a Gnoll Earth Elementalist on Nov 23, 2021.
             Was an Initiate of Gozag.
             Slain by Duvessa (8 damage)
             ... on level 4 of the Dungeon.
             The game lasted 00:07:43 (3052 turns).

zeram the Digger (Gnoll Earth Elementalist)         Turns: 3052, Time: 00:07:44

Health: 0/37       AC:  7    Str: 13    XL:     5   Next: 80%
Magic:  10/12      EV: 13    Int: 16    God:    Gozag
Gold:   154        SH:  0    Dex: 12    Spells: 4/14 levels left

rFire    . . .     SeeInvis .   g - +0 hand axe
rCold    . . .     Faith    .   (no shield)
rNeg     . . .     Spirit   .   q - +3 leather armour {rPois}
rPois    +         Reflect  .   h - +0 helmet
rElec    .         Harm     .   (no cloak)
rCorr    .         Rampage  .   (no gloves)
Will     .....                  (no boots)
Stlth    ++........             (no amulet)
HPRegen  0.12/turn              l - +6 ring of strength
MPRegen  0.13/turn              (no ring)

@: no status effects
A: fangs 1, strong nose, distributed training
a: Renounce Religion, Potion Petition, Call Merchant, Bribe Branch


You were on level 4 of the Dungeon.
You worshipped Gozag.
Gozag was aware of your devotion.
You visited 1 branch of the dungeon, and saw 4 of its levels.

You collected 158 gold pieces.
You paid 4 gold pieces to Gozag.

Inventory:

Hand Weapons
 g - a +0 hand axe (weapon)
Missiles
 c - 5 stones
Armour
 b - a +0 robe
 h - a +0 helmet (worn)
 q - a +3 leather armour of poison resistance (worn)
Jewellery
 l - a +6 ring of strength (left hand)
Scrolls
 i - a scroll of fear
 j - a scroll of teleportation
Potions
 a - a potion of might
 d - a potion of attraction {unknown}
 e - a potion of lignification
 f - a potion of mutation {unknown}
 m - a potion of magic
 n - 2 potions of haste {unknown}


   Skills:
 + Level 1.6 Fighting
 + Level 1.6 Short Blades
 + Level 1.6 Long Blades
 + Level 1.6 Axes
 + Level 1.6 Maces & Flails
 + Level 1.6 Polearms
 + Level 1.6 Staves
 + Level 1.6 Slings
 + Level 1.6 Bows
 + Level 1.6 Crossbows
 + Level 1.6 Throwing
 + Level 1.6 Armour
 + Level 4.8 Dodging
 + Level 4.4 Stealth
 + Level 1.6 Shields
 + Level 1.6 Unarmed Combat
 + Level 5.2 Spellcasting
 + Level 1.3 Conjurations
 + Level 1.3 Hexes
 + Level 1.3 Summonings
 + Level 1.3 Necromancy
 + Level 1.3 Translocations
 + Level 2.4 Transmutations
 + Level 1.3 Fire Magic
 + Level 1.3 Ice Magic
 + Level 1.3 Air Magic
 + Level 5.6 Earth Magic
 + Level 1.3 Poison Magic
 + Level 1.8 Invocations
 + Level 1.6 Evocations


You had 4 spell levels left.
You knew the following spells:

 Your Spells              Type           Power      Damage    Failure   Level
a - Sandblast             Erth           44%        2d11      1%          1
b - Passwall              Tmut/Erth      14%        N/A       5%          2
c - Stone Arrow           Conj/Erth      30%        3d8       14%         3
d - Petrify               Tmut/Erth      17%        N/A       34%         4

Your spell library contained the following spells:

 Spells                   Type           Power      Damage    Failure   Level
 Sublimation of Blood     Necr           4%         N/A       17%         2
 Irradiate                Conj/Tmut      5%         3d15      94%         5


Dungeon Overview and Level Annotations

Branches:
Dungeon (4/15)
 Temple: D:4-7

Altars:
Gozag

Shops:
D:1 (

Annotations:
D:4 Dowan, Duvessa


Innate Abilities, Weirdness & Mutations

You have very sharp teeth.
Your uncanny sense of smell can sniff out nearby items.
Your experience applies equally to all skills.


Message History

Aim: Duvessa, wielding a +0 short sword and wearing a +1 leather armour of fire resistance (83% to hit)
The blast of sand hits Duvessa.
Duvessa is lightly wounded.
Dowan points at you and mumbles some strange words.
The puff of frost hits you!
Unknown command.
There is a stone staircase leading up here.
Duvessa barely misses you.
You climb upwards.
There is a stone staircase leading down here.
You start resting.
Magic restored.
You start resting.
HP restored.
You climb downwards.
Level annotation: Dowan, Duvessa Duvessa hits you with a +0 short sword.
Dowan points at you and mumbles some strange words.
You resist with some effort. Duvessa hits you with a +0 short sword.
There is a stone staircase leading up here.
Casting: Sandblast (safe; 1% risk of failure)
Confirm with . or Enter, or press ? or * to list all spells.
Aiming: Sandblast (safe; 1% risk of failure)
Press: ? - help, Shift-Dir - straight line, f - Dowan
Aim: Dowan, wielding a +0 dagger of venom and wearing a +0 robe (73% to hit)
The blast of sand hits Dowan!
Dowan is moderately wounded.
Dowan casts a spell at you. The puff of flame misses you.
Duvessa hits you with a +0 short sword!
Casting: Sandblast (safe; 1% risk of failure)
Confirm with . or Enter, or press ? or * to list all spells.
Aiming: Sandblast (safe; 1% risk of failure)
Press: ? - help, Shift-Dir - straight line, f/p - Dowan
Aim: Dowan, wielding a +0 dagger of venom and wearing a +0 robe (moderately wounded, 73% to hit)
The blast of sand misses Dowan.
Duvessa hits you with a +0 short sword!
* * * LOW HITPOINT WARNING * * *
Unknown command.
Duvessa hits you with a +0 short sword!
You die...
Your body crumbles into a pile of gold.

.# #.#
..#
###..#
##...##
######
#...# #.
#....
#..# #.#
#...
##e## #.#
#..# #@.#
#..###..#
##e##
#.....#
##.##
#....##
##.##
#.....###
##.##
#..###..#
##.###.##
###.
##...##
## #####
#


You could see Duvessa and Dowan.

Vanquished Creatures
  A scorpion (D:2)
  Ijyb (D:3)
  Jessica (D:2)
  Robin (D:2)
  An adder (D:3)
  A worm (D:2)
  3 dart slugs
  An orc (D:3)
  2 ball pythons
  6 endoplasms
  3 giant cockroaches
  3 hobgoblins
  4 jackals (D:3)
  A quokka (D:3)
  6 bats
  14 goblins
  4 kobolds
  5 rats
58 creatures vanquished.

Notes
Turn   | Place    | Note
-------+----------+-------------------------------------------
     0 | D:1      | zeram the Gnoll Earth Elementalist began the quest for the
                  | Orb.
     0 | D:1      | Reached XP level 1. HP: 13/13 MP: 6/6
   381 | D:1      | Found a faded altar of an unknown god.
   392 | D:1      | Reached XP level 2. HP: 19/19 MP: 4/7
   439 | D:1      | Found Aheajof's Antique Weapon Shop.
   458 | D:1      | Learned a level 2 spell: Passwall
  1116 | D:2      | Noticed Robin
  1125 | D:2      | Reached XP level 3. HP: 25/25 MP: 6/9
  1129 | D:2      | Killed Robin
  1130 | D:2      | Reached skill level 5 in Spellcasting
  1132 | D:2      | Reached skill level 1 in Invocations
  1144 | D:2      | Noticed Jessica
  1239 | D:2      | Killed Jessica
  1240 | D:2      | Reached skill level 1 in Fighting
  1240 | D:2      | Reached skill level 1 in Short Blades
  1240 | D:2      | Reached skill level 1 in Long Blades
  1240 | D:2      | Reached skill level 1 in Axes
  1240 | D:2      | Reached skill level 1 in Maces & Flails
  1240 | D:2      | Reached skill level 1 in Polearms
  1240 | D:2      | Reached skill level 1 in Staves
  1240 | D:2      | Reached skill level 1 in Slings
  1240 | D:2      | Reached skill level 1 in Bows
  1240 | D:2      | Reached skill level 1 in Crossbows
  1240 | D:2      | Reached skill level 1 in Throwing
  1240 | D:2      | Reached skill level 1 in Armour
  1240 | D:2      | Reached skill level 1 in Shields
  1240 | D:2      | Reached skill level 1 in Unarmed Combat
  1240 | D:2      | Reached skill level 1 in Evocations
  1240 | D:2      | Reached XP level 4. HP: 30/32 MP: 3/11
  1390 | D:2      | Noticed a scorpion
  1398 | D:2      | Killed a scorpion
  1399 | D:2      | Reached skill level 1 in Conjurations
  1399 | D:2      | Reached skill level 1 in Hexes
  1399 | D:2      | Reached skill level 1 in Summonings
  1399 | D:2      | Reached skill level 1 in Necromancy
  1399 | D:2      | Reached skill level 1 in Translocations
  1399 | D:2      | Reached skill level 1 in Fire Magic
  1399 | D:2      | Reached skill level 1 in Ice Magic
  1399 | D:2      | Reached skill level 1 in Air Magic
  1399 | D:2      | Reached skill level 1 in Poison Magic
  1399 | D:2      | Reached XP level 5. HP: 31/37 MP: 7/12
  1462 | D:2      | Learned a level 3 spell: Stone Arrow
  1477 | D:2      | Found an opulent altar of Gozag.
  1507 | D:2      | Became a worshipper of Gozag Ym Sagoz the Greedy
  2075 | D:3      | Learned a level 4 spell: Petrify
  2202 | D:3      | Noticed Ijyb
  2237 | D:3      | Paralysed by Ijyb for 7 turns
  2253 | D:3      | Paralysed by Ijyb for 5 turns
  2263 | D:3      | Killed Ijyb
  2971 | D:4      | Noticed Duvessa
  2972 | D:4      | Noticed Dowan
  3052 | D:4      | Slain by Duvessa

Illustrated notes

Levels and vault maps discovered:
D:1:      moated_graveyard_arrival, layout_loops_cross, serial_shops, shop,
          hellmonk_ecumenical_altar_crossroads, minmay_pentomino_t4
D:2:      layout_basic, basic_altar, uniq_jessica, uniq_robin
D:3:      layout_loops_ring, uniq_ijyb
D:4:      layout_layer_cave, minmay_temple_entry_crystal_x, uniq_duvessa,
          uniq_grinder

Skill      XL: |  1  2  3  4 |
---------------+-------------+-----
Transmutations | 2 |  2.4
Spellcasting   | 5 |  5.2
Invocations    | 1 |  1.8
Fighting       | 1 |  1.6
Short Blades   | 1 |  1.6
Long Blades    | 1 |  1.6
Axes           | 1 |  1.6
Maces & Flails | 1 |  1.6
Polearms       | 1 |  1.6
Staves         | 1 |  1.6
Slings         | 1 |  1.6
Bows           | 1 |  1.6
Crossbows      | 1 |  1.6
Throwing       | 1 |  1.6
Armour         | 1 |  1.6
Shields        | 1 |  1.6
Unarmed Combat | 1 |  1.6
Evocations     | 1 |  1.6
Conjurations   | 1 |  1.3
Hexes          | 1 |  1.3
Summonings     | 1 |  1.3
Necromancy     | 1 |  1.3
Translocations | 1 |  1.3
Fire Magic     | 1 |  1.3
Ice Magic      | 1 |  1.3
Air Magic      | 1 |  1.3
Poison Magic   | 1 |  1.3
Dodging        | |  4.8
Stealth        | |  4.4
Earth Magic    | |  5.6

Action                   |  1- 3 |  4- 6 || total
-------------------------+-------+-------++-------
Melee: Unarmed           |     1 |       ||     1
       Hand axe          |     7 |    47 ||    54
       Bite              |     1 |     2 ||     3
 Cast: Sandblast         |    40 |    33 ||    73
  Use: Scroll            |       |     7 ||     7
       Potion            |       |     1 ||     1
 Stab: Sleeping          |     1 |     1 ||     2
Armor: Robe              |     1 |    10 ||    11
       Leather armour    |       |    10 ||    10
Dodge: Dodged            |    13 |    57 ||    70
